 Dungeon Crawl Stone Soup version 0.25.1-8-g42b30a86e7 (webtiles) character file.

Game seed: 6537914140354625392

3168 Kaiern the Cleaver (level 9, 86/86 HPs)
             Began as a Hill Orc Fighter on Dec 26, 2020.
             Was a Believer of Qazlal.
             Quit the game on level 7 of the Dungeon.
             The game lasted 00:37:13 (9017 turns).

Kaiern the Cleaver (Hill Orc Fighter)               Turns: 9017, Time: 00:37:13

Health: 86/86      AC: 12    Str: 22    XL:     9   Next: 94%
Magic:  13/13      EV:  5    Int:  8    God:    Qazlal [**....]
Gold:   407        SH: 12    Dex: 10    Spells: 8/8 levels left

rFire    . . .     SeeInvis .   a - +0 war axe
rCold    . . .     Gourm    .   c - +0 kite shield
rNeg     . . .     Faith    .   D - +0 chain mail
rPois    .         Spirit   .   (no helmet)
rElec    .         Reflect  .   (no cloak)
rCorr    +         Harm     .   q - +1 pair of gloves
MR       .....                  (no boots)
Stlth    ..........             (no amulet)
HPRegen  0.24/turn              u - ring of resist corrosion
MPRegen  0.13/turn              (no ring)

@: no status effects
A: no striking features
a: Upheaval, Renounce Religion


You were on level 7 of the Dungeon.
You worshipped Qazlal.
Qazlal was pleased with you.
You were not hungry.

You visited 2 branches of the dungeon, and saw 8 of its levels.
You also visited: Sewer.

You collected 407 gold pieces.

Inventory:

Hand Weapons
 a - a +0 war axe (weapon)
Missiles
 k - 9 boomerangs
 n - 16 poisoned darts
 B - 8 javelins (quivered)
Armour
 c - a +0 kite shield (worn)
 q - a +1 pair of gloves (worn)
 D - a +0 chain mail (worn)
Jewellery
 u - a ring of resist corrosion (left hand)
 v - an uncursed amulet of magic regeneration {unknown}
Wands
 o - a wand of clouds (6)
Scrolls
 e - 5 scrolls of teleportation {unknown}
 g - 5 scrolls of remove curse
 j - a scroll of noise {unknown}
 l - a scroll of random uselessness {unknown}
 p - 3 scrolls of fog {unknown}
 w - 2 scrolls of identify {unknown}
 x - 2 scrolls of blinking {unknown}
 y - a scroll of silence {unknown}
Potions
 b - a potion of magic {unknown}
 d - a potion of might
 h - 4 potions of curing
 i - a potion of stabbing {unknown}
 m - a potion of lignification
 s - a potion of mutation {unknown}
 t - 2 potions of invisibility
 z - a potion of brilliance {unknown}
 A - 4 potions of flight
 C - a potion of haste {unknown}
Comestibles
 f - 16 rations


   Skills:
 + Level 10.8 Fighting
 + Level 11.2 Axes
 - Level 5.0 Armour
 - Level 4.0 Shields
 + Level 5.8 Invocations


You had 8 spell levels left.
You didn't know any spells.
Your spell library contained the following spells:

 Spells                   Type           Power        Failure   Level  Hunger
 Summon Small Mammal      Summ           #...         100%        1    ##.....
 Call Imp                 Summ           #.......     100%        2    ###....
 Call Canine Familiar     Summ           #.......     100%        3    ####...
 Summon Guardian Golem    Hex/Summ       #.......     100%        3    ####...
 Summon Ice Beast         Ice/Summ       #.......     100%        4    #####..
 Summon Lightning Spire   Summ/Air       #.......     100%        4    #####..


Dungeon Overview and Level Annotations

Branches:
Dungeon (7/15)             Temple (1/1) D:5           Sewer (visited)

Altars:
Ashenzari
Cheibriados
Dithmenos
Elyvilon
Fedhas
Gozag
Hepliaklqana
Kikubaaqudgha
Makhleb
Nemelex Xobeh
Okawaru
Qazlal
Ru
Sif Muna
Trog
Uskayaw
Vehumet
Wu Jian
Xom
Yredelemnul
Zin
The Shining One


Message History

Found a ration.
Found a bubbling amethyst potion.
You now have 384 gold pieces (gained 10).
f - 16 rations (gained 1)
b - a bubbling amethyst potion You now have 391 gold pieces (gained 7).
Found a long sword.
You now have 397 gold pieces (gained 6).
Found an escape hatch in the ceiling.
Found a stone staircase leading up.
You now have 407 gold pieces (gained 10).
Found a stone staircase leading up.
Done exploring.
Done exploring.
Search for what [Enter for "."]? .
Saving game... please wait.
Welcome back, Kaiern the Hill Orc Fighter.
Qazlal says: Let the forces of nature tear it all down!
Press ? for a list of commands and other information.
Are you sure you want to abandon this character and quit the game? (Confirm with "yes".)

#........##..
#........###.
##...........
####.......#
##.......# ###
##..)[(....
##.#####)........#
#..##.......<..[..
#@☼...............
##................
##.°.............
#..##..#........
###.......#.....
##.....######.
##...## ## ##### #


There were no monsters in sight!

Vanquished Creatures
  Harold (D:7)
  A two-headed ogre (D:5)
  A hippogriff (D:7)
  An ice beast (D:6)
  An ogre (D:5)
  2 bullfrogs (D:6)
  A wyvern zombie (D:6)
  4 scorpions
  A water moccasin skeleton (D:7)
  A howler monkey (D:7)
  A bullfrog zombie (D:5)
  2 centaur skeletons
  5 hounds
  3 orc priests (D:6)
  7 orc wizards
  3 iguanas
  7 worker ants
  4 gnolls (D:3)
  7 adders
  An ooze (Sewer)
  4 worms
  6 leopard geckos
  30 orcs
  3 ball pythons
  10 giant cockroaches
  4 goblins
  6 hobgoblins
  19 jackals
  4 quokkas
  19 bats
  3 frilled lizards
  8 kobolds
  10 rats
180 creatures vanquished.

Notes
Turn   | Place    | Note
-------+----------+-------------------------------------------
     0 | D:1      | Kaiern the Hill Orc Fighter began the quest for the Orb.
     0 | D:1      | Reached XP level 1. HP: 19/19 MP: 1/1
   179 | D:1      | Reached XP level 2. HP: 27/27 MP: 2/2
   477 | D:1      | Reached skill level 3 in Axes
  1004 | D:2      | Reached XP level 3. HP: 31/33 MP: 3/3
  1792 | D:2      | Reached skill level 4 in Axes
  1792 | D:2      | Reached XP level 4. HP: 41/41 MP: 4/4
  2683 | D:3      | Reached skill level 5 in Fighting
  2686 | D:3      | Reached XP level 5. HP: 46/48 MP: 5/5
  3585 | D:3      | Reached skill level 5 in Axes
  3867 | D:4      | Reached XP level 6. HP: 51/57 MP: 6/6
  4299 | D:4      | Reached skill level 5 in Armour
  4363 | D:4      | Reached skill level 6 in Axes
  4475 | D:4      | Reached XP level 7. HP: 40/64 MP: 7/7
  4654 | D:5      | Entered Level 5 of the Dungeon
  4758 | D:5      | Found a staircase to the Ecumenical Temple.
  4869 | Temple   | Entered the Ecumenical Temple
  5207 | Temple   | Became a worshipper of Qazlal Stormbringer
  5399 | D:5      | Noticed a two-headed ogre
  5410 | D:5      | Killed a two-headed ogre
  5410 | D:5      | Reached skill level 8 in Axes
  5410 | D:5      | Reached XP level 8. HP: 36/75 MP: 8/8
  5679 | D:5      | Reached skill level 9 in Axes
  5748 | D:5      | Found a shattered altar of Ashenzari.
  6392 | D:6      | Found a glowing drain.
  6410 | D:6      | Reached * piety under Qazlal
  6424 | Sewer    | Entered a sewer
  6820 | D:6      | Found a glowing silver altar of Zin.
  6827 | D:6      | Reached XP level 9. HP: 82/84 MP: 9/9
  6889 | D:6      | Reached skill level 1 in Invocations
  6904 | D:6      | Reached skill level 10 in Axes
  7346 | D:6      | Reached ** piety under Qazlal
  7687 | D:6      | Reached skill level 10 in Fighting
  7965 | D:7      | Noticed Harold
  7983 | D:7      | Paralysed by Harold for 2 turns
  7989 | D:7      | Paralysed by Harold for 4 turns
  8008 | D:6      | HP: 4/85 [poisoned by Harold]
  8354 | D:7      | Killed Harold
  8354 | D:7      | Reached skill level 11 in Axes
  8354 | D:7      | Reached skill level 5 in Invocations
  9017 | D:7      | Quit the game

Illustrated notes

Levels and vault maps discovered:
D:1:      psy_arrival_basics, layout_basic, minmay_quantized
D:2:      layout_basic
D:3:      layout_loops_ring, serial_glass, glass_columns_a, glass_columns_a,
          first_ration
D:4:      layout_rooms
D:5:      layout_basic, nicolae_overflow_crystal_walls,
          minmay_temple_entry_arrows, minmay_circle_x
D:6:      layout_cave_pods, portal_sewer_entry_f, lemuel_statue_altar
D:7:      layout_cave_pools, serial_park_tiny_2, uniq_harold
Temple:   compressed_dpeg_triangle_lava_temple

Skill      XL: |  1  2  3  4  5  6  7  8  9 |
---------------+----------------------------+-----
Axes           | 3 4 5 6 8 9 11 | 11.2
Fighting       | 4 5 6 8 9 10 | 10.8
Armour         | 4 5 |  5.0
Shields        | 4 |  4.0
Invocations    | 5 |  5.8

Action                   |  1- 3 |  4- 6 |  7- 9 || total
-------------------------+-------+-------+-------++-------
Melee: War axe           |   114 |   215 |   266 ||   595
Throw: Boomerang         |    10 |    10 |    12 ||    32
       Javelin           |       |       |     2 ||     2
  Use: Scroll            |       |     2 |     1 ||     3
       Potion            |       |       |     4 ||     4
  Eat: Chunk             |     3 |     9 |    11 ||    23
       Ration            |       |       |     1 ||     1
Armor: Scale mail        |    58 |    73 |    73 ||   204
       Chain mail        |       |       |    34 ||    34
Dodge: Dodged            |    36 |    69 |    58 ||   163
Block: Kite shield       |    58 |   116 |   146 ||   320
